 Dungeon Sprint DCSS version 0.31-a0-640-g39d97e502b (webtiles) character file.

Game seed: 15498080407877778825

2278 Revguard the Deliberate (level 9, -1/74 HPs)
             Began as a Demonspawn Fighter on Aug 28, 2023.
             Was a Follower of Cheibriados.
             Killed from afar by a deep elf knight (12 damage)
             ... with a shard of ice
             ... in the Dungeon (Sprint V: "Ziggurat Sprint").
             The game lasted 00:03:53 (167 turns).

Revguard the Deliberate (Demonspawn Fighter)         Turns: 167, Time: 00:03:53

Health: -1/74      AC: 28    Str: 30    XL:     9   Next: 16%
Magic:  6/16       EV:  6    Int: 11    God:    Cheibriados [*.....]
Gold:   0          SH: 29    Dex: 20    Spells: 8/8 levels left

rFire   . . .        D - +11 Singing Sword {sonic wave}
rCold   . . .        C - +18 shield of the Gong {Loud rN+ Will+ rCorr EV-5}
rNeg    + . .        B - +15 Maxwell's patent armour {-Cast -Tele rElec Will+ rCorr}
rPois   .            (no helmet)
rElec   +            (no cloak)
rCorr   +            (no gloves)
SInv    .            (no boots)
Will    ++...        (no amulet) Stlth
                     z - +6 ring of strength
HPRegen 0.32/turn    A - +6 ring of strength
MPRegen 0.15/turn

%: no teleportation, no spellcasting
@: very slow
A: foul stench 1, weakness stinger 2
a: Renounce Religion, Bend Time


You were in the Dungeon.
You worshipped Cheibriados.
Cheibriados was aware of your devotion.
You visited 1 branch

Inventory:

Hand Weapons
 a - a +0 long sword
 D - the +11 Singing Sword (weapon) {sonic wave}
   (You found it in the Dungeon)
Armour
 b - a +0 scale mail
 c - a +0 buckler
 B - the +15 Maxwell's patent armour (worn) {-Cast -Tele rElec Will+ rCorr}
   (You found it in the Dungeon)

   rElec:     It insulates you from electricity.
   Will+:     It increases your willpower.
   -Cast:     It prevents spellcasting.
   -Tele:     It prevents most forms of teleportation.
   rCorr:     It protects you from acid and corrosion.
 C - the +18 shield of the Gong (worn) {Loud rN+ Will+ rCorr EV-5}
   (You found it in the Dungeon)

   Loud:      It is deafeningly noisy when blocking attacks.
   EV-5:      It affects your evasion (-5).
   rN+:       It protects you from negative energy.
   Will+:     It increases your willpower.
   rCorr:     It protects you from acid and corrosion.
Jewellery
 u - a ring of flight
 v - a +6 ring of dexterity
 w - a +6 ring of dexterity
 x - a +6 ring of intelligence
 y - a +6 ring of intelligence
 z - a +6 ring of strength (left hand)
 A - a +6 ring of strength (right hand)
Wands
 s - a wand of mindburst (7)
 t - a wand of quicksilver (9)
Scrolls
 j - 4 scrolls of blinking
 o - 4 scrolls of amnesia
 p - 7 scrolls of fog
 q - 5 scrolls of identify
 r - 2 scrolls of fear
Potions
 d - 6 potions of might
 e - 10 potions of curing
 f - 10 potions of heal wounds
 g - 6 potions of haste
 h - 7 potions of magic
 i - 3 potions of berserk rage
 k - 2 potions of brilliance
 l - 2 potions of invisibility
 m - 4 potions of resistance


   Skills:
 + Level 8.2 Fighting
 + Level 7.2 Long Blades
 + Level 7.2 Armour
 + Level 6.5 Dodging
 + Level 7.2 Shields
 + Level 9.5 Invocations
 + Level 7.2 Evocations


You had 8 spell levels left.
You didn't know any spells.
Your spell library was empty.

Dungeon Overview and Level Annotations

Branches:
Dungeon (1/1)

Altars:
Ashenzari
Cheibriados
Dithmenos
Fedhas
Gozag
Hepliaklqana
Kikubaaqudgha
Makhleb
Nemelex Xobeh
Okawaru
Qazlal
Ru
Sif Muna
Trog
Uskayaw
Vehumet
Wu Jian
Xom
Yredelemnul
Jiyva
Lugonu

Annotations:
D 1 transporter


Innate Abilities, Weirdness & Mutations

You may rarely emit foul miasma when damaged in melee.
You have a tail ending in a sharp stinger.


Message History

Unknown command.
Okay, then.
You closely miss something. Something hits you. You block something's attack.
PANG!
You miss something. Something completely misses you. Something hits you.
Something hits you but does no damage.
You hit something.
Your tail-slap misses something.
You hear some strange, mumbled words.
A shard of ice appears from out of thin air!
You block the shard of ice.
GONNNNG!
You hear some strange, mumbled words.
A shard of ice appears from out of thin air!
You block the shard of ice.
GONNNNG!
You hear some strange, mumbled words.
A shard of ice appears from out of thin air!
You block the shard of ice.
BOUMMMMG!
You hear some strange, mumbled words.
A lance of force appears from out of thin air!
The lance of force hits you!
* * * LOW HITPOINT WARNING * * *
You are knocked back by the lance of force.
You slam into the unnaturally hard rock wall!
* * * LOW HITPOINT WARNING * * *
You feel more experienced!
Your Fighting skill increases to level 8!
Your Long Blades skill increases to level 7!
Your Armour skill increases to level 7!
Your Shields skill increases to level 7!
Your Invocations skill increases to level 9!
Your Evocations skill increases to level 7!
You have reached level 9!
Your experience leads to an increase in your attributes!
Your base attributes are Str 16, Int 9, Dex 16.
Increase (S)trength, (I)ntelligence, or (D)exterity?
You feel agile. x2; Your demonic ancestry asserts itself...
You begin to emit a foul stench of rot and decay.
You hear some strange, mumbled words.
A shard of ice appears from out of thin air!
The shard of ice hits you!
You die...

▓▓▓▓▓▓▓▓▓▓▓▓▓
▓.8©8.▓.8©8.▓
▓.||).▓.....▓
▓.....▓...).▓
▓.....▓..)..▓
▓.{.{.▓.....▓
▓.....▓..©..▓
▓..©@.▓▓▓▓▓▓▓
▓▓▓▓▓▓▓


There were no monsters in sight!

Vanquished Creatures
  A deep elf knight (D)
  A deep elf archer (D)
  A fire elemental (D)
3 creatures vanquished.

Notes
Turn   | Place    | Note
-------+----------+-------------------------------------------
     0 | D        | Revguard the Demonspawn Fighter began the quest for the
                  | Orb.
     0 | D        | Reached XP level 1. HP: 18/18 MP: 1/1
     0 | D        | Found a shimmering blue altar of Sif Muna.
     0 | D        | Found a bloodstained altar of Trog.
     0 | D        | Found a sacrificial altar of Ru.
     0 | D        | Found a stormy altar of Qazlal.
     0 | D        | Found an iron altar of Okawaru.
     1 | D        | Found a sparkling altar of Nemelex Xobeh.
     1 | D        | Found a blossoming altar of Fedhas.
     1 | D        | Found the +6 Majin-Bo {spellvamp, MP+6 Int+6}
     1 | D        | Found the +27 heavy crossbow "Sniper" {heavy, Acc+∞ SInv}
     1 | D        | Found the +10 dark maul {heavy}
     1 | D        | Found the +15 Maxwell's patent armour {-Cast -Tele rElec
                  | Will+ rCorr}
     1 | D        | Found the +18 shield of the Gong {Loud rN+ Will+ rCorr
                  | EV-5}
     1 | D        | Found the +16 obsidian axe {drain, demonic, Mesm Drain Fly
                  | SInv}
     1 | D        | Found the +7 great mace "Firestarter" {flame, immolate,
                  | rFlCloud rF++}
     1 | D        | Found the +6 shillelagh "Devastator" {shatter}
     1 | D        | Found the +11 plutonium sword {Contam Stlth-}
     1 | D        | Found the +8 lance "Wyrmbane" {slay drac, rPois rF+ rC+
                  | AC+3}
     1 | D        | Found the +9 sword of Zonguldrok {reap}
     1 | D        | Found the +13 scythe of Curses {drain, curses, Drain}
     1 | D        | Found the +9 sword of Power {lifebolt}
     1 | D        | Found the +7 mace of Variability {chaos, chaos arc}
     1 | D        | Found the +11 Singing Sword {sonic wave}
     1 | D        | Found the +8 storm bow {elec, penet}
     3 | D        | Found a transporter.
     3 | D        | Found an ancient bone altar of Kikubaaqudgha.
     3 | D        | Found a viscous altar of Jiyva.
     3 | D        | Found a corrupted altar of Lugonu.
     3 | D        | Found a hazy altar of Hepliaklqana.
     3 | D        | Found a burning altar of Makhleb.
     3 | D        | Found an opulent altar of Gozag.
   116 | D        | Became a worshipper of Cheibriados the Contemplative
   133 | D        | Entered arena 2.
   133 | D        | Noticed a deep elf knight
   133 | D        | Noticed a deep elf archer
   133 | D        | Found a transporter.
   138 | D        | Killed a deep elf knight
   139 | D        | Reached skill level 5 in Long Blades
   139 | D        | Reached skill level 5 in Armour
   139 | D        | Reached skill level 5 in Dodging
   139 | D        | Reached skill level 5 in Shields
   139 | D        | Reached skill level 7 in Invocations
   139 | D        | Reached skill level 5 in Evocations
   139 | D        | Gained mutation: You have a small tail. [demonic ancestry]
   139 | D        | Reached XP level 2. HP: 22/29 MP: 1/6
   139 | D        | Reached XP level 3. HP: 27/35 MP: 1/8
   139 | D        | Reached XP level 4. HP: 32/41 MP: 1/9
   139 | D        | Gained mutation: You have a tail ending in a sharp stinger.
                  | [demonic ancestry]
   139 | D        | Reached XP level 5. HP: 36/47 MP: 1/10
   139 | D        | Reached XP level 6. HP: 41/53 MP: 1/11
   139 | D        | Reached XP level 7. HP: 46/59 MP: 1/12
   145 | D        | Killed a deep elf archer
   145 | D        | Reached * piety under Cheibriados
   146 | D        | Reached skill level 8 in Invocations
   146 | D        | Reached XP level 8. HP: 55/67 MP: 2/14
   155 | D        | Entered arena 3.
   155 | D        | Noticed a deep elf knight
   155 | D        | Noticed a deep elf knight
   155 | D        | Found a transporter.
   167 | D        | Reached skill level 9 in Invocations
   167 | D        | Gained mutation: You may rarely emit foul miasma when
                  | damaged in melee. [demonic ancestry]
   167 | D        | Reached XP level 9. HP: 10/74 MP: 5/16
   167 | D        | Killed from afar by a deep elf knight

Illustrated notes

Levels and vault maps discovered:
D:        sprint_v [room_start, room_1, room_2, room_3, room_4, room_5, room_6,
          room_7, room_8, room_9, room_10, room_11, room_12, room_13, room_14,
          room_15, room_16, room_17, room_18, room_19, room_20, room_21,
          room_22, room_23, room_24, room_25, room_26, room_27]

Skill      XL: |  1  2  3  4  5  6  7  8 |
---------------+-------------------------+-----
Fighting       | 6 7 8 |  8.2
Long Blades    | 5 6 7 |  7.2
Armour         | 5 6 7 |  7.2
Dodging        | 5 6 |  6.5
Shields        | 5 6 7 |  7.2
Invocations    | 7 8 9 |  9.5
Evocations     | 5 6 7 |  7.2

Action                     |  1- 3 |  4- 6 |  7- 9 || total
---------------------------+-------+-------+-------++-------
  Melee: Double sword      |     4 |       |    12 ||    16
         Tailslap          |       |       |     1 ||     1
    Use: Potion            |       |       |     1 ||     1
 Armour: Plate armour      |       |       |     7 ||     7
  Dodge: Dodged            |       |       |     2 ||     2
  Block: Kite shield       |     6 |       |    16 ||    22

Table legend: (Time is in decaauts)
 A = Elapsed time spent in this place.
 B = Non-inter-level travel time spent in this place.
 C = Inter-level travel time spent in this place.
 D = Time resting spent in this place.
 E = Time spent auto-exploring this place.
 F = Levels seen in this place.
 G = Mean time per level.
                   A        B        C        D        E       F      G
               +--------+--------+--------+--------+--------+-----+--------+
         Total |    180 |    177 |      3 |      0 |      0 |   1 |  180.0 |
       Dungeon |    180 |    177 |      3 |      0 |      0 |   1 |  180.0 |
               +--------+--------+--------+--------+--------+-----+--------+

Top non-repeatable levels by time:
       D: 180 daAuts
